 Dungeon Crawl Stone Soup version 0.28-b1-25-g9875b3fc8c (webtiles) character file.

Game seed: 15518912253455740468

31 sanka the Cudgeller (level 3, 0/21 HPs)
             Began as a Kobold Warper on Feb 7, 2022.
             Slain by a jackal (3 damage)
             ... on level 1 of the Dungeon.
             The game lasted 00:01:17 (1413 turns).

sanka the Cudgeller (Kobold Warper)                 Turns: 1413, Time: 00:01:18

Health: 0/21       AC:  3    Str:  8    XL:     3   Next: 40%
Magic:  6/6        EV: 14    Int: 16    God:
Gold:   65         SH:  0    Dex: 14    Spells: 6/6 levels left

rFire   . . .      SeeInvis .   a - +0 mace
rCold   . . .      Faith    .   (no shield)
rNeg    . . .      Spirit   .   b - +0 leather armour
rPois   .          Reflect  .   (no helmet)
rElec   .          Harm     .   (no cloak)
rCorr   .          Rampage  .   (no gloves)
Will    .....                   (no boots)
Stlth   ++........              (no amulet)
HPRegen 0.07/turn               (no ring)
MPRegen 0.10/turn               (no ring)

@: no status effects
A: small, no large weapons, nightstalker 3
a: no special abilities


You were on level 1 of the Dungeon.
You visited 1 branch of the dungeon, and saw 2 of its levels.

You collected 65 gold pieces.

Inventory:

Hand Weapons
 a - a +0 mace (weapon)
Missiles
 d - 5 boomerangs of dispersal (quivered)
Armour
 b - a +0 leather armour (worn)
Scrolls
 c - a scroll of blinking
 g - a scroll of vulnerability {unknown}
 i - a scroll of brand weapon {unknown}
Potions
 e - a potion of lignification {unknown}
 f - a potion of curing {unknown}
 h - a potion of flight {unknown}


   Skills:
 - Level 2.1 Fighting
 + Level 3.2 Maces & Flails
 - Level 1.1 Throwing
 - Level 0.7 Armour
 - Level 2.4 Dodging
 - Level 2.1 Spellcasting
 - Level 3.0 Translocations


You had 6 spell levels left.
You didn't know any spells.
Your spell library contained the following spells:

 Spells                   Type           Power      Damage    Failure   Level
 Blink                    Tloc           22%        N/A       13%         2
 Gell's Gravitas          Tloc           11%        N/A       26%         3
 Lesser Beckoning         Tloc           11%        N/A       26%         3
 Teleport Other           Tloc           11%        N/A       26%         3
 Manifold Assault         Tloc           11%        N/A       93%         5


Dungeon Overview and Level Annotations

Branches:
Dungeon (2/15)

Altars:

Annotations:
D:2 Terence


Innate Abilities, Weirdness & Mutations

You are small and have problems with some larger weapons.
You are completely attuned to the shadows.


Message History

* * * LOW HITPOINT WARNING * * *
The ball python misses you.
There is a stone staircase leading up here.
The ball python completely misses you. The ball python grabs you.
You stop ascending the stairs.
The ball python constricts you. The jackal bites you.
* * * LOW HITPOINT WARNING * * *
The ball python bites you but does no damage.
The ball python constricts you.
Unknown command.
You hit the ball python.
The ball python is severely wounded.
The jackal bites you.
* * * LOW HITPOINT WARNING * * *
The ball python bites you but does no damage.
The ball python constricts you. The jackal closely misses you.
You escape the ball python's grasp.
The jackal bites you but does no damage.
The ball python misses you. x2
You climb upwards.
There is a stone staircase leading down here.
Unknown command.
You closely miss the ball python.
The ball python is severely wounded.
The jackal bites you but does no damage.
The ball python bites you but does no damage.
The ball python closely misses you. The jackal closely misses you.
You hit the ball python.
The ball python is severely wounded.
The ball python completely misses you. The ball python closely misses you.
The jackal barely misses you. The ball python completely misses you.
The ball python closely misses you.
You hit the ball python.
You kill the ball python!
The jackal closely misses you.
The jackal bites you but does no damage.
You hit the jackal.
The jackal is almost dead.
The jackal bites you.
You die...

#.............#..........#.#
#.#####..................#.#
#.#####..................#.######
.......................##........
.###+###...............##########
.'.....'......)....#####
####.###...........#
...#.#.'....##.....###########
...#.#.##+#..+.h@†...........#
>..###.##.####.............#.#
<..#.#.#...................#.#
...#.#..................##.#.#
##'#.#+#.#..............##.#.#
†+..................###......#
'###.###............# ####.######
...............####.######.#.....
...####.#..................#...##


You could see a jackal.

Vanquished Creatures
  A dart slug (D:1)
  5 ball pythons (D:1)
  3 endoplasms (D:1)
  A giant cockroach (D:1)
  2 hobgoblins (D:1)
  2 jackals (D:2)
  2 kobolds (D:1)
  A quokka (D:1)
  A bat (D:1)
  A frilled lizard (D:1)
  3 goblins (D:1)
  5 rats (D:1)
27 creatures vanquished.

Notes
Turn   | Place    | Note
-------+----------+-------------------------------------------
     0 | D:1      | sanka the Kobold Warper began the quest for the Orb.
     0 | D:1      | Reached XP level 1. HP: 12/12 MP: 3/3
   293 | D:1      | Reached XP level 2. HP: 17/17 MP: 5/5
   877 | D:1      | Reached XP level 3. HP: 21/21 MP: 6/6
  1320 | D:1      | Found a faded altar of an unknown god.
  1393 | D:2      | Noticed Terence
  1413 | D:1      | Slain by a jackal

Illustrated notes

Levels and vault maps discovered:
D:1:      shiori_arrival_maze, layout_basic, basic_ecumenical_altar,
          chequers_serial_rivers_large_b, grunt_decor_arrowhead,
          minmay_tetromino_t4
D:2:      minmay_alternating_diamond, layout_basic, uniq_terence

Skill      XL: |  1  2  3 |
---------------+----------+-----
Maces & Flails | 2 3 |  3.2
Fighting       | |  2.1
Throwing       | |  1.1
Armour         | |  0.7
Dodging        | |  2.4
Spellcasting   | |  2.1
Translocations | |  3.0

Action                   || total
-------------------------++-------
Melee: Mace              ||    92
       Punch             ||     1
 Stab: Sleeping          ||     8
Armor: Leather armour    ||    33
Dodge: Dodged            ||   102
